 Dungeon Crawl Stone Soup version 0.31-a0-38-g1548c4f2a5 (webtiles) character file.

Game seed: 16893315763675463516

241 pk666 the Magician (level 5, -2/28 HPs)
             Began as a Deep Elf Fire Elementalist on May 16, 2023.
             Slain by a sleepcap (6 damage)
             ... on level 4 of the Dungeon.
             The game lasted 00:03:43 (3058 turns).

pk666 the Magician (Deep Elf Fire Elementalist)     Turns: 3058, Time: 00:03:44

Health: -2/28      AC:  3    Str:  5    XL:     5   Next: 80%
Magic:  6/14       EV: 13    Int: 22    God:
Gold:   182        SH:  0    Dex: 15    Spells: 10/13 levels left

rFire   . . .        c - +2 dagger (venom)
rCold   . . .        (no shield)
rNeg    + . .        a - +0 robe
rPois   .            (no helmet)
rElec   .            (no cloak)
rCorr   .            h - +0 pair of gloves
SInv    .            (no boots)
Will    .....        (no amulet)
Stlth   ++           i - ring of positive energy
HPRegen 0.24/turn    (no ring)
MPRegen 0.14/turn

%: no passive effects
@: no status effects
A: no striking features
a: no special abilities


You were on level 4 of the Dungeon.
You visited 1 branch of the dungeon, and saw 4 of its levels.

You collected 182 gold pieces.

Inventory:

Hand Weapons
 c - a +2 dagger of venom (weapon)
Missiles
 f - a throwing net
Armour
 a - a +0 robe (worn)
 h - a +0 pair of gloves (worn)
Jewellery
 i - a ring of positive energy (left hand)
 l - a ring of ice
Scrolls
 d - 4 scrolls of identify {unknown}
 e - 3 scrolls of magic mapping {unknown}
 j - a scroll of blinking {unknown}
 m - a scroll of enchant weapon {unknown}
Potions
 b - 2 potions of magic
 g - 2 potions of might {unknown}
 k - a potion of berserk rage {unknown}


   Skills:
 + Level 4.2 Dodging
 - Level 2.4 Stealth
 + Level 4.8 Spellcasting
 + Level 3.2 Conjurations
 + Level 4.6 Fire Magic


You had 10 spell levels left.
You knew the following spells:

 Your Spells              Type           Power      Damage    Failure   Level
a - Foxfire               Conj/Fire      88%        2x1d8     1%          1
b - Scorch                Fire           50%        2d7       2%          2

Your spell library contained the following spells:

 Spells                   Type           Power      Damage    Failure   Level
 Momentum Strike          Conj/Tloc      24%        3d8       9%          2
 Inner Flame              Hex/Fire       15%        N/A       12%         3
 Volatile Blastmotes      Fire/Tloc      30%        2d12      12%         3
 Blink                    Tloc           10%        N/A       16%         2
 Lesser Beckoning         Tloc           10%        N/A       16%         2
 Dazzling Flash           Conj/Hex       24%        N/A       16%         3
 Flame Wave               Conj/Fire      22%        2d8       21%         4
 Iskenderun's Mystic Bla  Conj/Tloc      12%        2d5       47%         4
 Petrify                  Tmut/Erth      5%         N/A       71%         4
 Metabolic Englaciation   Hex/Ice        2%         N/A       96%         5
 Starburst                Conj/Fire      11%        6d5       97%         6
 Statue Form              Tmut/Erth      3%         N/A       100%        6


Dungeon Overview and Level Annotations

Branches:
Dungeon (4/15)
 Temple: D:4-7

Altars:
Ashenzari


Message History

The sleepcap is heavily damaged.
Flames lash the sleepcap.
The sleepcap is severely damaged.
The sleepcap's fire resistance burns away.
The sleepcap releases spores at you.
You are engulfed in a cloud of soporific spores!
You fall asleep.
The hound bites you!
You wake up.
An orc priest comes into view. It is wielding a +0 morningstar.
The sleepcap closely misses you.
You miscast Scorch.
You are very lightly contaminated with residual magic.
Nothing appears to happen.
The hound stops to sniff the ground.
The hound bites you.
The sleepcap releases spores at you but does no damage.
The hound bites you but does no damage.
You are too injured to fight recklessly!
Casting: Scorch (safe; 2% risk of failure)
Confirm with . or Enter, or press ? or * to list all spells.
Flames lash the orc.
The orc is moderately wounded.
The orc's fire resistance burns away.
The hound bites you. The sleepcap barely misses you.
The orc priest looks encouraged for a moment.
An orc comes into view. It is wielding a +0 morningstar.
The sleepcap is no longer more vulnerable to fire.
The hound bites you but does no damage.
The orc is no longer more vulnerable to fire.
The hound bites you.
* * * LOW HITPOINT WARNING * * *
The sleepcap attacks as you move away! The sleepcap barely misses you.
The orc priest calls upon Beogh to heal the orc.
The orc's wounds heal themselves!
The hound bites you but does no damage.
Your magical contamination has completely faded away.
The hound bites you.
* * * LOW HITPOINT WARNING * * *
The sleepcap attacks as you move away! The sleepcap releases spores at you.
You die...

#.## #....# #.. #.# #....#
#... #.# ##.##.# ..####..#
#.# #..##[# o. ...#...##
##.## #†###.# ..#
#.......###...####.# #.#
#..###.o............##..###.#
#.)..........).)..<..>.##..#
#..........h@)..).........#
##.........of.............##
#?................####...##
.##..........#### #####
###.......## ###......##
...###........#
#............##
########.#....#


You could see a sleepcap, a hound, an orc priest and an orc.

Vanquished Creatures
  A scorpion (D:3)
  A jelly (D:4)
  6 adders
  3 gnolls (D:4)
  6 dart slugs
  An orc (D:4)
  8 ball pythons
  An endoplasm (D:1)
  2 giant cockroaches
  7 goblins
  10 hobgoblins
  5 bats
  A frilled lizard (D:3)
  4 kobolds
  A rat (D:2)
57 creatures vanquished.

Vanquished Creatures (others)
  163 foxfires
163 creatures vanquished.

Grand Total: 220 creatures vanquished

Notes
Turn   | Place    | Note
-------+----------+-------------------------------------------
     0 | D:1      | pk666 the Deep Elf Fire Elementalist began the quest for
                  | the Orb.
     0 | D:1      | Reached XP level 1. HP: 10/10 MP: 6/6
   194 | D:1      | Reached XP level 2. HP: 15/15 MP: 5/8
   197 | D:1      | Learned a level 2 spell: Scorch
   568 | D:1      | Reached XP level 3. HP: 19/19 MP: 5/10
  1630 | D:3      | Found a broken altar of Ashenzari.
  1820 | D:3      | Reached XP level 4. HP: 21/24 MP: 6/11
  2098 | D:3      | Noticed a scorpion
  2106 | D:3      | Killed a scorpion
  2107 | D:3      | Reached XP level 5. HP: 28/28 MP: 6/13
  3058 | D:4      | Slain by a sleepcap

Illustrated notes

Levels and vault maps discovered:
D:1:      dpeg_arrival_rhombi, layout_rooms
D:2:      layout_loops_ring, st_stairs_4
D:3:      layout_basic, nicolae_ashenzari_skybound
D:4:      layout_layer_cave

Skill      XL: |  1  2  3  4  5 |
---------------+----------------+-----
Dodging        | 3 4 |  4.2
Conjurations   | 2 3 |  3.2
Fire Magic     | 4 |  4.6
Spellcasting   | 4 |  4.8
Stealth        | |  2.4

Action                     |  1- 3 |  4- 6 || total
---------------------------+-------+-------++-------
   Cast: Foxfire           |    66 |    38 ||   104
         Scorch            |    10 |    12 ||    22
 Armour: Robe              |     2 |     5 ||     7
  Dodge: Dodged            |     2 |     5 ||     7

Table legend: (Time is in decaauts)
 A = Elapsed time spent in this place.
 B = Non-inter-level travel time spent in this place.
 C = Inter-level travel time spent in this place.
 D = Time resting spent in this place.
 E = Time spent auto-exploring this place.
 F = Levels seen in this place.
 G = Mean time per level.
                   A        B        C        D        E       F      G
               +--------+--------+--------+--------+--------+-----+--------+
         Total |   3057 |   2979 |     78 |     47 |   2583 |   4 |  764.2 |
       Dungeon |   3057 |   2979 |     78 |     47 |   2583 |   4 |  764.2 |
               +--------+--------+--------+--------+--------+-----+--------+

Top non-repeatable levels by time:
     D:3: 1195 daAuts
     D:1: 937 daAuts
     D:2: 677 daAuts
     D:4: 246 daAuts
